 Dungeon Sprint DCSS version 0.31-a0-7-g51783674b7 (webtiles) character file.

Game seed: 15837924459318983973

1213 sircluck the Fighter (level 8, -1/82 HPs)
             Began as a Hill Orc Fighter on May 5, 2023.
             Was a Follower of Cheibriados.
             Succumbed to Sonja's curare-tipped dart
             ... in the Dungeon (Sprint I: "Red Sonja").
             The game lasted 00:02:34 (593 turns).

sircluck the Fighter (Hill Orc Fighter)              Turns: 593, Time: 00:02:35

Health: -1/82      AC:  9    Str: 24    XL:     8   Next: 46%
Magic:  7/8        EV: 10    Int: 11    God:    Cheibriados [*.....]
Gold:   330        SH:  6    Dex: 13    Spells: 7/7 levels left

rFire   . . .        a - +0 war axe
rCold   . . .        c - +0 buckler
rNeg    . . .        b - +1 scale mail
rPois   .            (no helmet)
rElec   .            (no cloak)
rCorr   .            (no gloves)
SInv    .            (no boots)
Will    .....        (no amulet)
Stlth   ++           (no ring)
HPRegen 0.33/turn    (no ring)
MPRegen 0.11/turn

%: no teleportation
@: lethally poisoned (-1 -> -4), on berserk cooldown, slowed, very slow
A: no striking features
a: Renounce Religion, Bend Time


You were in the Dungeon.
You worshipped Cheibriados.
Cheibriados was aware of your devotion.
You visited 1 branch You collected 412 gold pieces.
You spent 82 gold pieces at shops.

Inventory:

Hand Weapons
 a - a +0 war axe (weapon)
Missiles
 l - 2 stones (quivered)
Armour
 b - a +1 scale mail (worn)
 c - a +0 buckler (worn)
Wands
 k - a wand of paralysis (7)
Potions
 d - a potion of might
 g - a potion of haste
 h - 2 potions of magic


   Skills:
 + Level 11.0 Fighting
 + Level 10.5 Axes
 + Level 10.5 Armour
 + Level 0.1 Dodging
 + Level 6.4 Stealth
 + Level 9.3 Shields
 + Level 0.9 Evocations


You had 7 spell levels left.
You didn't know any spells.
Your spell library was empty.

Dungeon Overview and Level Annotations

Branches:
Dungeon (1/1)

Altars:
Cheibriados
Dithmenos
Elyvilon
Fedhas
Gozag
Hepliaklqana
Kikubaaqudgha
Makhleb
Nemelex Xobeh
Okawaru
Qazlal
Ru
Sif Muna
Trog
Uskayaw
Vehumet
Wu Jian
Xom
Yredelemnul
Zin
The Shining One
Jiyva
Lugonu

Shops:
D *

Annotations:
D Sonja


Message History

Sonja hits you but does no damage. Space warps horribly around you!!
* * * LOW HITPOINT WARNING * * *
Blink to where?
Press: ? - help, Q - select action, (/) - cycle Dir - move target
As you read the scroll of blinking, it crumbles to dust.
There is an open door, spattered with blood here.
Sonja throws a curare-tipped dart.
The curare-tipped dart misses you.
Which direction?
You close the door.
Sonja opens the door.
Sonja throws a curare-tipped dart.
The curare-tipped dart hits you.
You are poisoned.
You have difficulty breathing.
* * * LOW HITPOINT WARNING * * *
You feel yourself slow down.
A red film seems to cover your vision as you go berserk!
Cheibriados forces you to slow down.
You feel mighty!
* * * LOW HITPOINT WARNING * * *
You feel very sick.
Sonja throws a curare-tipped dart.
The curare-tipped dart barely misses you.
Sonja gestures wildly while chanting.
Sonja blinks!
You feel a strong urge to attack something.
* * * LOW HITPOINT WARNING * * *
You feel very sick.
Sonja gestures wildly while chanting.
Sonja blinks!
There is an open door, spattered with blood here.
You are no longer berserk.
You are exhausted.
You feel as though you will be slow longer.
* * * LOW HITPOINT WARNING * * *
You feel sick.
Sonja gestures wildly while chanting.
Sonja blinks!
As you read the scroll labelled UDODDOMEDO, it crumbles to dust.
It is a scroll of enchant armour.
Your +0 scale mail glows green for a moment.
You die...

##########################*****
#<.#..').#..'..#__#..')..#,,*,,
#..').#..').#..'..'..#)..#*+*,*
#..#####'#####'#__####...+,,*,*
#..####..#...#@####,,*####,,+,*
#..#__####..##.#~~~,,*,,**+****
#..#_____##'#_.+~~~,,+,,*,,,,,*
#⌠⌠#_.∩...÷..._#~~~,,*,,*,,,,,+
####_..__##_.#'#*+*****+***,,,*
*,,#_____###'#.#,,,,***,+,*,,,*
***#######*#.###*+***,***,*,,**
*∩,,,,,,,,+$.$+,,,,,+,∩**,*,,**
***++++***#$.$#**********,**+*,


There were no monsters in sight!

Vanquished Creatures
  2 kobold demonologists (D)
  Sigmund (D)
  A slime creature (D)
  A yak (D)
  A floating eye (D)
  An ogre (D)
  A jelly (D)
  Ijyb (D)
9 creatures vanquished.

Notes
Turn   | Place    | Note
-------+----------+-------------------------------------------
     0 | D        | sircluck the Hill Orc Fighter began the quest for the Orb.
     0 | D        | Reached XP level 1. HP: 19/19 MP: 1/1
     1 | D        | Noticed Ijyb
    10 | D        | Killed Ijyb
    11 | D        | Reached skill level 5 in Fighting
    11 | D        | Reached XP level 2. HP: 18/29 MP: 2/2
    11 | D        | Reached XP level 3. HP: 23/36 MP: 3/3
    64 | D        | Noticed an ogre
    69 | D        | Killed an ogre
    70 | D        | Reached skill level 6 in Fighting
    70 | D        | Reached skill level 1 in Stealth
    70 | D        | Reached XP level 4. HP: 45/45 MP: 4/4
    80 | D        | Noticed Sigmund
    90 | D        | Killed Sigmund
    91 | D        | Reached skill level 8 in Fighting
    91 | D        | Reached skill level 5 in Axes
    91 | D        | Reached XP level 5. HP: 36/56 MP: 5/5
    91 | D        | Reached XP level 6. HP: 40/62 MP: 6/6
   177 | D        | Found an ornate altar of the Wu Jian Council.
   177 | D        | Found a shimmering blue altar of Sif Muna.
   179 | D        | Found a radiant altar of Vehumet.
   185 | D        | Reached skill level 9 in Fighting
   301 | D        | Found Zeeciest's General Store.
   301 | D        | Found an ancient bone altar of Kikubaaqudgha.
   301 | D        | Found a hazy altar of Hepliaklqana.
   301 | D        | Found a stormy altar of Qazlal.
   301 | D        | Found a hide-covered altar of Uskayaw.
   301 | D        | Found a blossoming altar of Fedhas.
   301 | D        | Found a bloodstained altar of Trog.
   301 | D        | Found an iron altar of Okawaru.
   301 | D        | Found a basalt altar of Yredelemnul.
   301 | D        | Found a glowing golden altar of the Shining One.
   301 | D        | Found a snail-covered altar of Cheibriados.
   301 | D        | Found a sacrificial altar of Ru.
   301 | D        | Found a glowing silver altar of Zin.
   301 | D        | Found a shadowy altar of Dithmenos.
   301 | D        | Found a white marble altar of Elyvilon.
   301 | D        | Noticed a yak
   311 | D        | Killed a yak
   312 | D        | Reached XP level 7. HP: 59/71 MP: 7/7
   312 | D        | Found an opulent altar of Gozag.
   313 | D        | Found a sparkling altar of Nemelex Xobeh.
   317 | D        | Bought a scroll of magic mapping for 82 gold pieces
   330 | D        | Became a worshipper of Cheibriados the Contemplative
   342 | D        | Found a burning altar of Makhleb.
   342 | D        | Found a viscous altar of Jiyva.
   342 | D        | Found a shimmering altar of Xom.
   342 | D        | Found a corrupted altar of Lugonu.
   342 | D        | Noticed a slime creature
   354 | D        | Killed a slime creature
   355 | D        | Reached skill level 10 in Fighting
   532 | D        | Noticed a kobold demonologist
   532 | D        | Noticed a kobold demonologist
   534 | D        | Paralysed by a floating eye for 3 turns
   535 | D        | Noticed a neqoxec
   537 | D        | Reached * piety under Cheibriados
   538 | D        | Reached skill level 5 in Stealth
   538 | D        | Noticed a rust devil
   540 | D        | Killed a kobold demonologist
   541 | D        | Reached skill level 10 in Armour
   541 | D        | Reached XP level 8. HP: 81/81 MP: 8/8
   547 | D        | Killed a kobold demonologist
   548 | D        | Reached skill level 11 in Fighting
   548 | D        | Reached skill level 10 in Axes
   576 | D        | Noticed Sonja
   591 | D        | HP: 4/123 [poisoned by Sonja (curare-tipped dart)]
   592 | D        | HP: 1/82 [poisoned by Sonja (curare-tipped dart)]
   593 | D        | Succumbed to Sonja's curare-tipped dart

Illustrated notes

Levels and vault maps discovered:
D:        dungeon_sprint_1 [red_sonja_temple_1, red_sonja_temple_small_1]

Skill      XL: |  1  2  3  4  5  6  7  8 |
---------------+-------------------------+-----
Fighting       | 5 6 8 9 10 11 | 11.0
Axes           | 3 4 5 7 9 10 | 10.5
Armour         | 4 6 8 9 10 | 10.5
Shields        | 4 6 7 8 9 |  9.3
Stealth        | 1 2 3 5 6 |  6.4
Dodging        | |  0.1
Evocations     | |  0.9

Action                     |  1- 3 |  4- 6 |  7- 9 || total
---------------------------+-------+-------+-------++-------
  Melee: War axe           |    11 |    22 |    23 ||    56
 Invoke: Bend Time         |       |       |     1 ||     1
  Evoke: Wand              |     1 |     1 |       ||     2
    Use: Scroll            |       |       |     3 ||     3
         Potion            |       |       |     3 ||     3
   Stab: Paralysed         |     3 |     6 |       ||     9
 Armour: Scale mail        |     2 |     5 |     9 ||    16
  Dodge: Dodged            |     2 |     2 |    14 ||    18
  Block: Buckler           |     2 |     2 |     5 ||     9

Table legend: (Time is in decaauts)
 A = Elapsed time spent in this place.
 B = Non-inter-level travel time spent in this place.
 C = Inter-level travel time spent in this place.
 D = Time resting spent in this place.
 E = Time spent auto-exploring this place.
 F = Levels seen in this place.
 G = Mean time per level.
                   A        B        C        D        E       F      G
               +--------+--------+--------+--------+--------+-----+--------+
         Total |    625 |    611 |     14 |    240 |    150 |   1 |  625.0 |
       Dungeon |    625 |    611 |     14 |    240 |    150 |   1 |  625.0 |
               +--------+--------+--------+--------+--------+-----+--------+

Top non-repeatable levels by time:
       D: 625 daAuts
